 Dungeon Crawl Stone Soup version 0.29-a0-542-g075992c915 (webtiles) character file.

Game seed: 3705605918792888410

5 oldriver the Skirmisher (level 1, -1/19 HPs)
             Began as a Palentonga Delver on June 4, 2022.
             Slain by a goblin
             ... wielding a +0 club
              (3 damage)
             ... on level 4 of the Dungeon.
             The game lasted 00:00:30 (72 turns).

oldriver the Skirmisher (Palentonga Delver)           Turns: 72, Time: 00:00:31

Health: -1/19      AC:  4    Str: 15    XL:     1   Next: 66%
Magic:  1/1        EV:  9    Int: 10    God:
Gold:   17         SH:  3    Dex: 11    Spells: 0/0 levels left

rFire   . . .      SeeInvis +   a - +0 hand axe
rCold   . . .      Faith    .   h - +0 buckler
rNeg    . . .      Spirit   .   i - +0 leather armour
rPois   .          Reflect  .   (no helmet)
rElec   .          Harm     .   (no cloak)
rCorr   .          Rampage  .   (no gloves)
Will    .....                   (no barding)
Stlth   ++........              (no amulet)
HPRegen 0.06/turn               (no ring)
MPRegen 0.07/turn               (no ring)

@: lethally poisoned (-1 -> -10), hasted, very quick
A: large, rugged brown scales 3, see invisible, deformed body, roll 1, armoured
tail
a: Rolling Charge


You were on level 4 of the Dungeon.
You visited 1 branch of the dungeon, and saw 2 of its levels.

You collected 17 gold pieces.

Inventory:

Hand Weapons
 a - a +0 hand axe (weapon)
 b - a +0 hunting sling
Armour
 h - a +0 buckler (worn)
 i - a +0 leather armour (worn)
Wands
 g - a wand of digging (3)
Scrolls
 c - a scroll of fog
 d - a scroll of magic mapping
 e - a scroll of fear


   Skills:
 * Level 3.4 Fighting
 - Level 2.0 Axes
 - Level 1.5 Dodging
 - Level 3.3 Stealth


You couldn't memorise any spells.
You didn't know any spells.
Your spell library was empty.

Dungeon Overview and Level Annotations

Branches:
Dungeon (5/15)
 Temple: D:4-7

Altars:

Shops:
D:4 =


Innate Abilities, Weirdness & Mutations

You are completely covered in rugged brown scales. (AC +3, +7% HP)
You have supernaturally acute eyesight. (SInv)
Armour fits poorly on your strangely shaped body.
You can roll at nearby foes to attack.
You have a long armoured tail.


Message History

A black bear is nearby!
A scorpion comes into view.
There is an escape hatch in the ceiling here.
The scorpion closely misses you. A mysterious force pulls you upwards.
The hatch slams shut behind you.
Found a hand axe and a ruby potion.
Found Lyxofrez's Jewellery Shop.
You feel yourself speed up.
The scorpion stings you but does no damage.
You hit the scorpion.
The scorpion is moderately wounded.
The scorpion misses you.
You hit the scorpion but do no damage.
The scorpion is moderately wounded.
The scorpion stings you.
You barely miss the scorpion. You tail-slap the scorpion!
The scorpion is severely wounded.
You closely miss the goblin. The goblin barely misses you.
The scorpion stings you.
You are lethally poisoned!
The scorpion poisons you!
You barely miss the scorpion.
The scorpion is severely wounded.
You closely miss the goblin.
You feel very sick. The scorpion stings you. The goblin completely misses you.
You barely miss the scorpion.
The scorpion is severely wounded.
You hit the goblin.
* * * LOW HITPOINT WARNING * * *
You feel sick. The scorpion stings you.
* * * LOW HITPOINT WARNING * * *
The goblin hits you but does no damage.
You closely miss the scorpion.
The scorpion is severely wounded.
You closely miss the goblin.
* * * LOW HITPOINT WARNING * * *
You feel sick.
The scorpion stings you but does no damage.
The goblin hits you with a +0 club.
You die...

......#
......
#..∩.#
##....#
#.....#
#..)..#
#.....#
#@s..#
#g...#
......+
#......#
#..!...#
##.....#
#.....#
#######


You could see a scorpion and a goblin.

Vanquished Creatures
  An ufetubus (D:5)
1 creature vanquished.

Notes
Turn   | Place    | Note
-------+----------+-------------------------------------------
     0 | D:5      | oldriver the Palentonga Delver began the quest for the Orb.
     0 | D:5      | Reached XP level 1. HP: 19/19 MP: 1/1
    47 | D:5      | Noticed a black bear
    59 | D:5      | Noticed a scorpion
    65 | D:4      | Found Lyxofrez's Jewellery Shop.
    72 | D:4      | Slain by a goblin

Illustrated notes

Levels and vault maps discovered:
D:4:      layout_gridville, minmay_temple_entry_glassed_door, serial_shops,
          shop, uniq_edmund
D:5:      layout_rooms, uniq_pikel

Action                   || total
-------------------------++-------
Melee: Hand axe          ||     8
       Tailslap          ||     2
  Use: Potion            ||     1
Armor: Leather armour    ||     4
Dodge: Dodged            ||     5

Table legend: (Time is in decaauts)
 A = Elapsed time spent in this place.
 B = Non-inter-level travel time spent in this place.
 C = Inter-level travel time spent in this place.
 D = Time resting spent in this place.
 E = Time spent auto-exploring this place.
 F = Levels seen in this place.
 G = Mean time per level.
                   A        B        C        D        E       F      G
               +--------+--------+--------+--------+--------+-----+--------+
         Total |     71 |     71 |      0 |      0 |     19 |   2 |   35.5 |
       Dungeon |     71 |     71 |      0 |      0 |     19 |   2 |   35.5 |
               +--------+--------+--------+--------+--------+-----+--------+

Top non-repeatable levels by time:
     D:5: 65 daAuts
     D:4: 6 daAuts
